 Dungeon Sprint DCSS version 0.21-a0-297-ga3d34c2 (webtiles) character file.

9865 potatolord6000 the Martial Artist (level 11, -44/110 HPs)
             Began as a Gnoll Transmuter on Sept 28, 2017.
             Was an Initiate of Gozag.
             Annihilated by an orc knight
             ... wielding a +2 great sword
              (47 damage)
             ... in the Dungeon (Sprint IX: "|||||||||||||||||||||||||||||").
             The game lasted 00:09:26 (1975 turns).

potatolord6000 the Martial Artist (GnTm)            Turns: 1975, Time: 00:09:26

Health: -44/110    AC:  7    Str: 15    XL:     11   Next: 53%
Magic:  44/44      EV: 18    Int: 15    God:    Gozag
Gold:   329        SH:  0    Dex: 17    Spells: 23/32 levels left

rFire    x . .     SeeInvis .     - Unarmed
rCold    + + +     Gourm    .   (shield currently unavailable)
rNeg     . . .     Faith    .   (armour currently unavailable)
rPois    +         Spirit   .   (helmet currently unavailable)
rElec    .         Reflect  .   (cloak currently unavailable)
rCorr    .         Harm     .   (gloves currently unavailable)
MR       .....     NoTele   +   (boots currently unavailable)
Stlth    +++++.....             (no amulet)
HPRegen  0.28/turn              a - ring of magical power
MPRegen  0.29/turn              d - ring of Jolykh {rC+ MP+9}

@: ice-form, gold aura, very slightly contaminated
A: distributed training, strong nose
a: End Transformation, Potion Petition, Call Merchant, Bribe Branch, Renounce
Religion


You were in the Dungeon.
You worshipped Gozag.
Gozag was aware of your devotion.
You were not hungry.
You were a creature of crystalline ice.
You visited 1 branch You collected 6061 gold pieces.
You spent 1011 gold pieces at shops.
You paid 4721 gold pieces to Gozag.

Inventory:

Armour
 b - a +1 robe (melded)
 n - a +0 pair of boots (melded)
 o - a +0 pair of gloves (melded)
 z - a +0 cloak (melded)
 A - a +0 helmet (melded)
Magical Staves
 m - an uncursed staff of energy (melded)
Jewellery
 a - a ring of magical power (left front paw)
 d - the ring of Jolykh (right front paw) {rC+ MP+9}
   (You bought it in a shop in the Dungeon)

   [ring of protection from cold]

   It protects you from cold.
   It affects your magic capacity (+9).
Scrolls
 j - 4 scrolls of blinking
 k - 4 scrolls of remove curse
 l - a scroll of amnesia
 u - a scroll of recharging
 v - 2 scrolls of fog
 w - 2 scrolls of enchant weapon
Potions
 e - 2 potions of curing
 h - 4 potions of magic
Books
 c - a book of Changes

   Spells                             Type                      Level
   a - Beastly Appendage              Transmutation                1
   b - Sticks to Snakes               Transmutation                2
   c - Spider Form                    Transmutation/Poison         3
   d - Ice Form                       Ice/Transmutation            4
   e - Blade Hands                    Transmutation                5
Comestibles
 p - 12 bread rations
 t - 41 fruits
 x - 12 meat rations


   Skills:
 + Level 10.3 Fighting
 + Level 10.0 Short Blades
 + Level 10.4 Long Blades
 + Level 9.8 Axes
 + Level 10.2 Maces & Flails
 + Level 9.7 Polearms
 + Level 10.0 Staves
 + Level 9.1 Slings
 + Level 10.0 Bows
 + Level 9.7 Crossbows
 + Level 10.1 Throwing
 + Level 9.6 Armour
 + Level 11.3 Dodging
 + Level 10.2 Stealth
   Level 0.0 Stabbing
 + Level 10.4 Shields
   Level 0.0 Traps
 + Level 11.6 Unarmed Combat
 + Level 11.3 Spellcasting
 + Level 9.4 Conjurations
 + Level 9.7 Hexes
 + Level 10.0 Charms
 + Level 9.8 Summonings
 + Level 9.7 Necromancy
 + Level 10.6 Translocations
 + Level 11.3 Transmutations
 + Level 10.1 Fire Magic
 + Level 10.1 Ice Magic
 + Level 9.7 Air Magic
 + Level 10.0 Earth Magic
 + Level 9.7 Poison Magic
 + Level 9.6 Invocations
 + Level 9.6 Evocations


You had 23 spell levels left.
You knew the following spells:

 Your Spells              Type           Power        Failure   Level  Hunger
a - Blade Hands           Tmut           #####.....   2%          5    #####..
b - Ice Form              Ice/Tmut       #####...     1%          4    ###....


Dungeon Overview and Level Annotations

Branches:
Dungeon (1/1)

Altars:
Cheibriados
Dithmenos
Elyvilon
Fedhas
Gozag
Hepliaklqana
Kikubaaqudgha
Makhleb
Nemelex Xobeh
Okawaru
Qazlal
Ru
Sif Muna
Trog
Uskayaw
Vehumet
Wu Jian
Xom
Yredelemnul
Zin
The Shining One
Beogh
Jiyva
Lugonu

Shops:
D ==?(![*((


Innate Abilities, Weirdness & Mutations

Your experience applies equally to all skills.
((You have very sharp teeth.))
Your uncanny sense of smell can sniff out nearby items.


Message History

You punch the orc knight! You freeze the orc knight.
The orc knight is moderately wounded.
The orc knight hits you from afar with a bardiche!!
* * * LOW HITPOINT WARNING * * *
The orc knight closely misses you.
Unknown command.
You hit the orc knight. You freeze the orc knight.
The orc knight is moderately wounded.
Unknown command.
You hit the orc knight but do no damage.
The orc knight is moderately wounded.
The orc knight hits you but does no damage.
The orc knight hits you from afar with a bardiche!
* * * LOW HITPOINT WARNING * * *
Unknown command.
You punch the orc knight! You freeze the orc knight.
The orc knight is heavily wounded.
The orc knight hits you with an enchanted great sword!!!
You die...
Your body crumbles into a pile of gold.

▓_▓.▓.▓.▓.▓
▓_▓.▓.▓.▓.▓
∆
▓_▓.▓.▓.▓(▓
∆
▓_▓.▓.▓.▓'▓
∆
▓'▓.▓'▓.▓$▓
∆
▓.▓.▓.▓.▓$▓
▓.▓.▓.▓.▓$▓
▓/▓.▓.▓.▓$▓
▓)▓.▓.▓.▓Y▓
▓(▓.▓.▓.▓o▓
▓.▓.▓.▓.▓o▓
▓[▓.▓.▓.▓o▓
▓.▓.▓.▓.▓o▓
▓.▓.▓[▓.▓o▓
▓'▓.▓.▓.▓$▓
▓.▓.▓!▓.▓∩▓
▓(▓.▓.▓.▓$


You could see 2 orc knights and 3 orc warriors.

Vanquished Creatures
  An orc high priest (D)
  7 orc knights (D)
  An elephant (D)
  Joseph (D)
  A black mamba (D)
  2 spiny frogs (D)
  2 komodo dragons (D)
  A polar bear (D)
  A hippogriff (D)
  A yak (D)
  A hungry ghost (D)
  3 wargs (D)
  A hell hound (D)
  2 water moccasins (D)
  13 orc warriors (D)
  3 porcupines (D)
  3 ogres (D)
  An ice beast (D)
  6 wolves (D)
  2 centaurs (D)
  2 bullfrogs (D)
  A howler monkey (D)
  A crimson imp (D)
  3 orc priests (D)
  A jelly (D)
  3 orc wizards (D)
  A worker ant (D)
  An adder (D)
  An ooze (D)
  2 dart slugs (D)
  8 orcs (D)
  A giant cockroach (D)
  A hobgoblin (D)
  A quokka (D)
  A bat (D)
  A goblin (D)
82 creatures vanquished.

Notes
Turn   | Place    | Note
-------+----------+-------------------------------------------
     0 | D        | potatolord6000 the Gnoll Transmuter began the quest for the Orb.
     0 | D        | Reached XP level 1. HP: 17/17 MP: 6/6
    12 | D        | Reached skill level 1 in Long Blades
    12 | D        | Reached skill level 5 in Spellcasting
    12 | D        | Reached skill level 1 in Charms
    12 | D        | Reached skill level 1 in Invocations
    18 | D        | Reached skill level 1 in Translocations
    18 | D        | Reached skill level 1 in Evocations
    19 | D        | Reached skill level 5 in Transmutations
    23 | D        | Reached skill level 1 in Slings
    23 | D        | Reached skill level 1 in Stealth
    23 | D        | Reached skill level 1 in Earth Magic
    23 | D        | Reached XP level 2. HP: 15/23 MP: 8/8
   139 | D        | Noticed an ogre
   139 | D        | Noticed a crimson imp
   141 | D        | Killed an ogre
   141 | D        | Reached skill level 5 in Dodging
   141 | D        | Reached XP level 3. HP: 30/30 MP: 7/10
   141 | D        | Reached XP level 4. HP: 37/37 MP: 8/12
   148 | D        | Reached XP level 5. HP: 43/43 MP: 9/14
   154 | D        | Found a roughly hewn altar of Beogh.
   154 | D        | Found a snail-covered altar of Cheibriados.
   154 | D        | Found a shadowy altar of Dithmenos.
   154 | D        | Found a white marble altar of Elyvilon.
   154 | D        | Found a blossoming altar of Fedhas.
   154 | D        | Found an opulent altar of Gozag.
   155 | D        | Found a hazy altar of Hepliaklqana.
   156 | D        | Found a viscous altar of Jiyva.
   157 | D        | Found an ancient bone altar of Kikubaaqudgha.
   158 | D        | Found a corrupted altar of Lugonu.
   161 | D        | Found a burning altar of Makhleb.
   162 | D        | Found a sparkling altar of Nemelex Xobeh.
   163 | D        | Found an iron altar of Okawaru.
   164 | D        | Found a stormy altar of Qazlal.
   167 | D        | Found a sacrificial altar of Ru.
   168 | D        | Found a deep blue altar of Sif Muna.
   169 | D        | Found a bloodstained altar of Trog.
   174 | D        | Became a worshipper of Gozag Ym Sagoz the Greedy
   179 | D        | Found a hide-covered altar of Uskayaw.
   180 | D        | Found a radiant altar of Vehumet.
   181 | D        | Found an ornate altar of the Wu Jian Council.
   182 | D        | Found a shimmering altar of Xom.
   183 | D        | Found a basalt altar of Yredelemnul.
   184 | D        | Found a glowing silver altar of Zin.
   185 | D        | Found a glowing golden altar of the Shining One.
   247 | D        | Learned a level 4 spell: Ice Form
   254 | D        | Learned a level 5 spell: Blade Hands
   255 | D        | Noticed a centaur
   255 | D        | Noticed an orc warrior
   255 | D        | Noticed an ogre
   260 | D        | Reached skill level 5 in Fighting
   263 | D        | Killed a centaur
   263 | D        | Reached XP level 6. HP: 51/51 MP: 11/15
   271 | D        | Killed an orc warrior
   271 | D        | Reached skill level 5 in Staves
   271 | D        | Reached skill level 5 in Ice Magic
   276 | D        | Reached skill level 5 in Long Blades
   276 | D        | Reached skill level 5 in Polearms
   276 | D        | Reached skill level 5 in Bows
   276 | D        | Reached skill level 5 in Charms
   276 | D        | Reached skill level 5 in Translocations
   276 | D        | Reached XP level 7. HP: 44/57 MP: 12/17
   277 | D        | Reached skill level 5 in Earth Magic
   382 | D        | Noticed a hungry ghost
   385 | D        | Reached skill level 5 in Short Blades
   385 | D        | Reached skill level 5 in Stealth
   385 | D        | Reached skill level 5 in Shields
   385 | D        | Reached skill level 5 in Hexes
   385 | D        | Reached skill level 5 in Necromancy
   385 | D        | Reached skill level 5 in Evocations
   387 | D        | Reached skill level 5 in Maces & Flails
   387 | D        | Reached skill level 5 in Fire Magic
   390 | D        | Reached skill level 5 in Slings
   390 | D        | Reached skill level 5 in Armour
   390 | D        | Reached skill level 5 in Air Magic
   390 | D        | Reached skill level 5 in Poison Magic
   393 | D        | Reached skill level 5 in Axes
   393 | D        | Reached skill level 5 in Summonings
   393 | D        | Reached skill level 5 in Invocations
   398 | D        | Killed a hungry ghost
   398 | D        | Reached skill level 5 in Crossbows
   398 | D        | Reached skill level 5 in Throwing
   398 | D        | Reached XP level 8. HP: 44/65 MP: 15/20
   613 | D        | Noticed a spiny frog
   613 | D        | Noticed a black mamba
   614 | D        | Noticed a spiny frog
   617 | D        | Killed a spiny frog
   617 | D        | Reached skill level 5 in Conjurations
   626 | D        | Noticed a komodo dragon
   635 | D        | Killed a black mamba
   635 | D        | Reached XP level 9. HP: 12/72 MP: 18/22
   639 | D        | Killed a spiny frog
   643 | D        | Killed a komodo dragon
   759 | D        | Bought the ring of Jolykh {rC+ MP+9} for 661 gold pieces
   867 | D        | Noticed a komodo dragon
   867 | D        | Noticed a polar bear
   875 | D        | Reached skill level 10 in Unarmed Combat
   879 | D        | Killed a komodo dragon
   880 | D        | Noticed an elephant
   891 | D        | Killed a polar bear
   891 | D        | Reached XP level 10. HP: 72/82 MP: 23/23
   904 | D        | Killed an elephant
   923 | D        | Bought an uncursed ring of magical power for 200 gold pieces
  1010 | D        | Reached skill level 10 in Transmutations
  1019 | D        | Reached skill level 10 in Spellcasting
  1311 | D        | Noticed Joseph
  1327 | D        | Killed Joseph
  1327 | D        | Reached skill level 10 in Dodging
  1607 | D        | Noticed an orc high priest
  1629 | D        | Noticed an orc knight
  1637 | D        | Noticed an orange demon
  1641 | D        | Killed an orc high priest
  1649 | D        | Killed an orc knight
  1649 | D        | Reached XP level 11. HP: 33/90 MP: 25/25
  1693 | D        | Bought a potion of heal wounds for 75 gold pieces
  1693 | D        | Bought a potion of heal wounds for 75 gold pieces
  1918 | D        | Found Mopsul's Armour Emporium.
  1918 | D        | Noticed an orc knight
  1918 | D        | Noticed an orc knight
  1918 | D        | Noticed an orc knight
  1919 | D        | Noticed an orc knight
  1922 | D        | Killed an orc knight
  1922 | D        | Reached skill level 10 in Shields
  1922 | D        | Reached skill level 10 in Translocations
  1923 | D        | Found Dilolioch's Assorted Antiques.
  1929 | D        | Killed an orc knight
  1929 | D        | Reached skill level 10 in Fighting
  1929 | D        | Reached skill level 10 in Maces & Flails
  1933 | D        | Reached skill level 10 in Long Blades
  1939 | D        | Killed an orc knight
  1939 | D        | Reached skill level 10 in Ice Magic
  1943 | D        | Noticed an orc knight
  1946 | D        | Killed an orc knight
  1946 | D        | Reached skill level 10 in Stealth
  1947 | D        | Noticed an orc knight
  1948 | D        | Found Orohuic's Weapon Emporium.
  1949 | D        | Noticed an orc knight
  1955 | D        | Noticed an orc knight
  1960 | D        | Killed an orc knight
  1960 | D        | Reached skill level 10 in Throwing
  1960 | D        | Reached skill level 10 in Fire Magic
  1961 | D        | Found Yxutus's Weapon Shoppe.
  1971 | D        | Killed an orc knight
  1971 | D        | Reached skill level 10 in Short Blades
  1971 | D        | Reached skill level 10 in Staves
  1971 | D        | Reached skill level 10 in Bows
  1971 | D        | Reached skill level 10 in Charms
  1971 | D        | Reached skill level 10 in Earth Magic
  1974 | D        | HP: 2/110 [orc knight/bardiche (14)]
  1975 | D        | Annihilated by an orc knight

Vault maps used:
D:        linesprint

Skill      XL: |  1  2  3  4  5  6  7  8  9 10 11 |
---------------+----------------------------------+-----
Long Blades    | 1 3 4 5 7 8 9 10 | 10.4
Spellcasting   | 5 6 7 8 9 10 11 | 11.3
Charms         | 1 3 4 5 6 7 9 10 | 10.0
Invocations    | 1 2 3 4 5 6 7 8 9 |  9.6
Translocations | 1 3 4 5 6 7 8 9 10 | 10.6
Evocations     | 1 2 3 4 5 6 7 8 9 |  9.6
Transmutations | 5 6 7 8 9 10 11 | 11.3
Slings         | 1 3 4 5 6 7 8 9 |  9.1
Stealth        | 1 2 3 4 6 7 8 9 10 | 10.2
Earth Magic    | 1 3 4 6 7 8 9 10 | 10.0
Fighting       | 4 5 6 7 8 9 10 | 10.3
Short Blades   | 2 4 5 6 7 9 10 | 10.0
Axes           | 2 3 4 5 6 7 8 9 |  9.8
Maces & Flails | 2 3 4 5 7 8 9 10 | 10.2
Polearms       | 2 3 4 5 6 7 8 9 |  9.7
Staves         | 2 3 4 5 6 7 8 9 10 | 10.0
Bows           | 2 3 4 5 6 7 8 9 10 | 10.0
Crossbows      | 2 3 4 5 6 7 9 |  9.7
Throwing       | 2 3 5 6 7 9 10 | 10.1
Armour         | 2 3 4 5 6 7 8 9 |  9.6
Dodging        | 5 6 7 8 9 10 11 | 11.3
Shields        | 2 3 4 6 7 8 9 10 | 10.4
Unarmed Combat | 7 8 9 10 11 | 11.6
Conjurations   | 2 3 4 5 6 8 9 |  9.4
Hexes          | 2 3 4 5 6 8 9 |  9.7
Summonings     | 2 3 4 5 6 7 9 |  9.8
Necromancy     | 2 3 4 5 6 7 9 |  9.7
Fire Magic     | 2 3 4 5 7 8 9 10 | 10.1
Ice Magic      | 3 4 5 6 7 8 9 10 | 10.1
Air Magic      | 2 3 4 5 6 7 9 |  9.7
Poison Magic   | 2 3 4 5 6 7 8 9 |  9.7

Action                   |  1- 3 |  4- 6 |  7- 9 | 10-12 || total
-------------------------+-------+-------+-------+-------++-------
Melee: Unarmed           |    17 |    23 |    51 |   151 ||   242
       Bite              |     3 |       |     9 |     5 ||    17
       Headbutt          |     2 |       |       |       ||     2
       Kick              |     1 |     3 |       |       ||     4
       Staff             |       |       |     7 |       ||     7
       Punch             |       |       |     2 |     4 ||     6
 Cast: Beastly Appendage |     2 |       |       |       ||     2
       Ice Form          |       |     1 |       |     3 ||     4
       Blade Hands       |       |       |     4 |     4 ||     8
Invok: Call Merchant     |       |       |     1 |     4 ||     5
  Use: Potion            |     1 |       |     3 |    14 ||    18
       Scroll            |       |     1 |       |     1 ||     2
 Stab: Distracted        |       |       |     2 |     3 ||     5
       Sleeping          |       |       |       |     2 ||     2
       Invisible         |       |       |       |     9 ||     9
  Eat: Fruit             |       |       |     2 |       ||     2
       Bread ration      |       |       |     1 |       ||     1
Armor: Robe              |     1 |       |     3 |     4 ||     8
       Skin              |       |     1 |       |     4 ||     5
Dodge: Dodged            |     6 |    14 |    36 |    61 ||   117

Table legend:
 A = Spawn XP
 B = Non-spawn XP
 C = Spawn XP percentage of total XP
 D = Spawn monster count
 E = Non-spawn monster count
 F = Spawn count percentage of total count
 G = Total turns spent on level
                    A         B        C        D         E        F      G
               +---------+---------+-------+---------+---------+-------+---------
         Total |       0 |   14094 |   0.0 |       0 |      82 |   0.0 |  1975
               +---------+---------+-------+---------+---------+-------+---------
             D |       0 |   14094 |   0.0 |       0 |      82 |   0.0 |  1975
               +---------+---------+-------+---------+---------+-------+---------
